 Dungeon Crawl Stone Soup version 0.32-a0-314-g526f7d4993 (webtiles) character file.

Game seed: 16799221286146930736

39 timneilson the Ruffian (level 3, -4/23 HPs)
             Began as an Octopode Shapeshifter on Feb 15, 2024.
             Slain by Robin
             ... wielding a +0 spear
              (6 damage)
             ... on level 2 of the Dungeon.
             The game lasted 00:00:52 (233 turns).

timneilson the Ruffian (Octopode Shapeshifter)       Turns: 233, Time: 00:00:53

Health: -4/23      AC:  1    Str: 15    XL:     3   Next: 47%
Magic:  3/3        EV: 13    Int: 12    God:
Gold:   31         SH:  0    Dex: 11    Spells: 2/2 levels left

rFire   . .          .
                       - Unarmed
rCold   . . .        (no shield)
rNeg    . . .        (helmet currently unavailable)
rPois   .            (no amulet)
rElec   .            (no ring)
rCorr   .            (no ring)
SInv    .            (no ring)
Will    .....        (no ring)
Stlth   +++          (no ring)
HPRegen 0.23/turn    (no ring)
MPRegen 0.08/turn    (no ring)
                     (no ring)

%: no passive effects
@: beast-form
A: beast (slay +1), almost no armour, amphibious, 8 rings, camouflage 1,
gelatinous body 1, (nimble swimmer 1), tentacles
a: Begin Untransformation


You were on level 2 of the Dungeon.
You were a hulking beast.
You visited 1 branch of the dungeon, and saw 2 of its levels.

You collected 31 gold pieces.

Inventory:

Talismans
 b - a beast talisman (active)
 c - a flux talisman
Potions
 a - a potion of lignification
 d - a potion of curing {unknown}
 e - a potion of mutation {unknown}


   Skills:
 * Level 1.6 Fighting
 * Level 2.5 Dodging
 + Level 1.2 Stealth
 * Level 3.3 Unarmed Combat
 * Level 3.2 Shapeshifting


You had 2 spell levels left.
You didn't know any spells.
Your spell library was empty.

Dungeon Overview and Level Annotations

Branches:
Dungeon (1/15)

Altars:

Annotations:
D:2 Robin


Innate Abilities, Weirdness & Mutations

You are a hulking beast.
Your limbs bulge with bestial killing power. (Slay +1)
You cannot wear most types of armour.
You are amphibious.
You can wear up to eight rings at the same time.
Your skin changes colour to match your surroundings (Stealth+).
Your rubbery body absorbs attacks. (AC +1, EV +1)
((You are camouflaged when in or above water. (Stealth+)))
You have tentacles for arms and can constrict up to eight enemies at once.


Message History

You squeeze the hobgoblin.
You kill the hobgoblin!
You tentacle-slap the hobgoblin.
You kill the hobgoblin!
You tentacle-slap the hobgoblin but do no damage.
Your grab misses the hobgoblin. You squeeze the hobgoblin.
You kill the hobgoblin!
You closely miss the goblin. You grab the goblin. You constrict the goblin.
The goblin hits you with a +0 dagger.
You tentacle-slap the goblin but do no damage.
The goblin is heavily wounded.
You constrict the goblin.
You kill the goblin!
You tentacle-slap the hobgoblin. You grab the hobgoblin.
Your squeeze misses the hobgoblin.
The hobgoblin is heavily wounded.
You constrict the hobgoblin. The hobgoblin barely misses you.
You tentacle-slap the hobgoblin but do no damage.
The hobgoblin is severely wounded.
You constrict the hobgoblin.
You kill the hobgoblin!
Robin hits you from afar with a +0 spear.
You tentacle-slap the hobgoblin.
You kill the hobgoblin!
Robin says, "Bow before me, strongest of all the hobgoblins!"
Robin throws the goblin at you! The goblin misses you. Robin misses you.
Items here: ( )))))) †††††††.
You barely miss Robin. You grab Robin. You constrict Robin.
Robin hits you with a +0 spear. The goblin hits you with a +0 club.
You tentacle-slap the goblin. Your grab misses the goblin.
Your squeeze misses the goblin.
The goblin is moderately wounded.
You constrict Robin. Robin misses you. The goblin hits you with a +0 club!
* * * LOW HITPOINT WARNING * * *
You tentacle-slap the goblin. You grab the goblin. You squeeze the goblin.
You kill the goblin!
You constrict Robin. Robin hits you with a +0 spear.
You die...
Robin says, "And that's why I'm the boss."

### ####.....#
..###....#####
#.#...##.######
#..............
####.######.######
#....######.###
#.###.........# #)#
#.........# #h#
#.....)†..# #.g.#
#.........#
#..####.........# # ....
#...........##..
........#.............
.....######...........#.
##... #..........## ....
................
#######..#.#....


You could see Robin.

Vanquished Creatures
  A ball python (D:2)
  7 hobgoblins
  3 bats
  A frilled lizard (D:2)
  7 goblins (D:2)
  3 kobolds
22 creatures vanquished.

Notes
Turn   | Place    | Note
-------+----------+-------------------------------------------
     0 | D:1      | timneilson the Octopode Shapeshifter began the quest for
                  | the Orb.
     0 | D:1      | Reached XP level 1. HP: 13/13 MP: 1/1
    30 | D:1      | Found a faded altar of an unknown god.
   108 | D:1      | Reached XP level 2. HP: 11/18 MP: 2/2
   138 | D:1      | You fall into a shaft and drop 1 floor!
   207 | D:2      | Noticed Robin
   215 | D:2      | Reached skill level 1 in Stealth
   220 | D:2      | Reached XP level 3. HP: 18/23 MP: 3/3
   233 | D:2      | Slain by Robin

Illustrated notes

Levels and vault maps discovered:
D:1:      minmay_arrival_shattered_statue, layout_loops_cross,
          chequers_ecumenical_altar_island
D:2:      layout_rooms, basic_altar, uniq_robin

Skill      XL: |  1  2 |
---------------+-------+-----
Stealth        | 1 |  1.2
Fighting       | |  1.6
Dodging        | |  2.5
Unarmed Combat | |  3.3
Shapeshifting  | |  3.2

Action                     || total
---------------------------++-------
  Melee: Unarmed           ||    43
         Constrict         ||    14
         Tentacles         ||     9
 Armour: Skin              ||    23
  Dodge: Dodged            ||    20

Table legend: (Time is in decaauts)
 A = Elapsed time spent in this place.
 B = Non-inter-level travel time spent in this place.
 C = Inter-level travel time spent in this place.
 D = Time resting spent in this place.
 E = Time spent auto-exploring this place.
 F = Levels seen in this place.
 G = Mean time per level.
                   A        B        C        D        E       F      G
               +--------+--------+--------+--------+--------+-----+--------+
         Total |    230 |    230 |      0 |      0 |    121 |   2 |  115.0 |
       Dungeon |    230 |    230 |      0 |      0 |    121 |   2 |  115.0 |
               +--------+--------+--------+--------+--------+-----+--------+

Top non-repeatable levels by time:
     D:1: 137 daAuts
     D:2: 93 daAuts
